[Event "FICS Team League T30"]
[Site "FICS, San Jose, California USA"]
[Date "2006.04.27"]
[Time "18:52:35"]
[Round "3"]
[White "generalkaia"]
[Black "threeNT"]
[WhiteElo "1690"]
[BlackElo "1710"]
[TimeControl "2700+45"]
[Mode "ICS"]
[Result "0-1"]

1. e4 e5 2. Nf3 Nc6 3. Bc4 Bc5 4. d4 exd4 5. O-O d6 6. c3 Bg4 7. Qb3 Na5
8. Bxf7+ Kf8 9. Qa4 Bxf3 10. gxf3 Kxf7 11. Qxa5 Ne7 12. Bg5 Bb6 13. Bxe7
Qxe7 14. Qd5+ Qe6 15. Qxb7 Rab8 16. Qd5 Qxd5 17. exd5 Rhe8 18. c4 Re2 19. Rd1
Rxb2 20. Nd2 d3 21. Ne4 Ba5 22. Rxd3 R8b4 23. Rb3 Rc2 24. Rxb4 Bxb4 25. a3
Ba5 26. Rb1 Rxc4 27. Rb7 Ke7 28. Rxa7 Bb6 29. Ra8 Rd4 30. Rh8 h6 31. Rg8
Kf7 32. Rd8 Rxd5 33. Ra8 Rd3 34. a4 Rxf3 35. a5 Bd4 36. Kg2 Ra3 37. Nd2
Ra2 38. Ne4 d5 39. Ng3 Rxf2+ 40. Kh3 c5 41. Rd8 Ke6 42. a6 Ra2 43. Ra8 c4
44. Ne2 Bb6 45. Nc3 Ra3 46. Kg4 Rxc3 47. a7 Bxa7 48. Rxa7 d4 49. Kf4 d3
50. Ra6+ Kd5 51. Ra5+ Kc6 52. Ke5 Rb3 53. Kd4 d2 54. Rc5+
{White resigns} 0-1

[Event "FICS Team League T30"]
[Site "FICS, San Jose, California USA"]
[Date "2006.04.28"]
[Time "04:12:13"]
[Round "3"]
[White "Maras"]
[Black "Wizeman"]
[WhiteElo "2147"]
[BlackElo "2223"]
[TimeControl "2700+45"]
[Mode "ICS"]
[Result "1-0"]

1. d4 e6 2. c4 d5 3. Nc3 f5 4. cxd5 exd5 5. g3 c6 6. Bg2 Bd6 7. Nh3 Nf6
8. Bf4 Be7 9. Ng5 Ne4 10. Ngxe4 fxe4 11. f3 exf3 12. exf3 O-O 13. Be5 Nd7
14. f4 Nxe5 15. dxe5 Qb6 16. Qe2 Bg4 17. Qxg4 Qxb2 18. O-O Bc5+ 19. Kh1
Qxc3 20. Rac1 Qa5 21. f5 Kh8 22. h4 Rae8 23. f6 gxf6 24. exf6 Rf7 25. Qf4
Qb4 26. Qxb4 Bxb4 27. g4 h6 28. Rb1 Bc3 29. Rb3 Bxf6 30. Rbf3 Kg7 31. g5
hxg5 32. hxg5 Rh8+ 33. Bh3 Rxh3+ 34. Rxh3 Bxg5 35. Rh7+ Kg6
{Black resigns} 1-0

[Event "FICS Team League T30"]
[Site "FICS, San Jose, California USA"]
[Date "2006.04.29"]
[Time "08:55:20"]
[Round "3"]
[White "arus"]
[Black "Doubleletter"]
[WhiteElo "1936"]
[BlackElo "1867"]
[TimeControl "2700+45"]
[Mode "ICS"]
[Result "0-1"]

1. d4 Nf6 2. Nf3 e6 3. c4 b6 4. g3 Bb7 5. Bg2 Be7 6. Nc3 d5 7. Ne5 O-O 8. O-O
Nbd7 9. cxd5 exd5 10. Bf4 c5 11. dxc5 Nxc5 12. Rc1 Nfe4 13. Nb5 a6 14. Nd4
f6 15. Nec6 Qe8 16. Nxe7+ Qxe7 17. b4 Ne6 18. Nc6 Bxc6 19. Rxc6 Nxf4 20. gxf4
Rfd8 21. Rxb6 Nc3 22. Qd2 Nxe2+ 23. Kh1 Qc7 24. Bxd5+ Kh8 25. Re6 Nxf4 26. Bxa8
Nxe6 27. Qe2 Rxa8 28. Qxe6 Qb7+ 29. Kg1 Qxb4 30. Rd1 Rb8 31. h3 a5 32. Qd5
h6 33. Kg2 Rb5 34. Qd8+ Kh7 35. Qd3+ f5 36. Re1 Qxe1 37. Qxb5 Qe4+ 38. Kg1
a4 39. Qb2 Qf3 40. Kh2 a3 41. Qd2 Qe4 42. Kg1 f4 43. Kh2 f3 44. Qe3 Qxe3
45. fxe3 Kg6 46. Kg3 f2 47. Kxf2 Kf5 48. Kf3 g5 49. e4+ Ke5 50. Ke3 h5 51. Kd3
Kf4 52. Kd4 g4 53. hxg4 hxg4 54. e5 g3 55. e6 g2 56. Kd5 g1=Q 57. e7 Qg6
{White resigns} 0-1

[Event "FICS Team League T30"]
[Site "FICS, San Jose, California USA"]
[Date "2006.04.29"]
[Time "18:02:15"]
[Round "3"]
[White "geolas"]
[Black "LLIAMAH"]
[WhiteElo "1819"]
[BlackElo "1762"]
[TimeControl "2700+45"]
[Mode "ICS"]
[Result "0-1"]

1. e4 c5 2. Nf3 Nc6 3. d4 cxd4 4. Nxd4 Nf6 5. Nc3 e5 6. Ndb5 d6 7. Bg5 
a6 8. Na3 Be7 9. Bxf6 Bxf6 10. Nc4 Nd4 11. Nd5 b5 12. Ncb6 Rb8 13. Nxc8 
Rxc8 14. c3 Ne6 15. a4 O-O 16. axb5 axb5 17. Ra6 Nc5 18. Nxf6+ Qxf6 19. Rxd6 Qg5 20. Qc2 Ra8 21. Rd1 Rad8 22. Bxb5 Rxd1+ 23. Qxd1 Rd8 24. Qc2 Qxg2 25. Rf1 Qxh2 26. b4 Ne6 27. Bd3 Nf4 28. Bc4 Ng2+ 29. Ke2 Qh5+ 30. f3 Nf4+ 31. 
Ke1 Qg5 32. Bd5 Nxd5 33. exd5 Qe3+ 34. Qe2 Qxc3+ 35. Kf2 Rxd5 36. Kg1 Qxb4 37. Qa2 Rd2 38. Qa8+ Qf8 39. Qa5 Qd8 40. Qxe5 Qd4+ 41. Qxd4 Rxd4 42. Kf2 h5 43. Rc1 Kh7 44. Ke3 Ra4 45. Rc7 Kg6 46. Rc5 Kh6 47. Rf5 Ra7 48. Kf4 g6 49. Rb5 
f6 50. Kg3 g5 51. Rb8 Kg6 52. Rb5 Ra4 53. Rd5 g4 54. fxg4 hxg4 55. Rb5 f5 
56. Kh4 Kf6 57. Rc5 Ra3 58. Rc6+ Ke5 59. Kg5 Rf3 60. Rc1 g3 61. Re1+ Kd4 62. Kh4 Kd3 63. Ra1 Ke2 64. Ra2+ Kf1 65. Ra1+ Kg2 66. Ra2+ Rf2 67. Ra3 f4 68. 
Kg4 f3 69. Ra7 Rb2 70. Ra3 Rb4+ 71. Kf5 f2 72. Ra1 f1=Q+ 73. Rxf1 Kxf1
{White resigns} 0-1

[Event "FICS Team League T30"]
[Site "FICS, San Jose, California USA"]
[Date "2006.04.29"]
[Time "11:21:34"]
[Round "3"]
[White "Ninaber"]
[Black "Benkology"]
[WhiteElo "2197"]
[BlackElo "2132"]
[TimeControl "2700+45"]
[Mode "ICS"]
[Result "1/2-1/2"]

1. c4 g6 2. d4 Bg7 3. e4 d6 4. Nc3 e5 5. dxe5 dxe5 6. Qxd8+ Kxd8 7. Nf3
f6 8. Be3 Be6 9. Bd3 Bh6 10. Bc1 Bxc1 11. Rxc1 Ne7 12. O-O Nd7 13. Rfd1
c5 14. h3 Kc7 15. Nd5+ Kd6 16. Be2 Nxd5 17. cxd5 Bf7 18. Bb5 Nb6 19. Rc3
a6 20. Be2 Na4 21. Rc2 b5 22. b3 Nb6 23. a4 bxa4 24. bxa4 Nxa4 25. Nd2 Rhb8 26. Ra1 Be8 27. Nc4+ Ke7 28. d6+ Kf8 29. Ne3 Bc6 30. f3 Rb4 31. Bc4 Rd8 32. Rd2 a5 33. g3 Nb6 34. Ba6 a4 35. Rc1 Rd4 36. Rb2 Nd7 37. Nc4 Rb8 38. Rxb8+
Nxb8 39. Bc8 Ke8 40. Be6 Bd7 41. Bd5 Bxh3 42. g4 h5 {Game drawn by mutual agreement} 1/2-1/2

[Event "FICS Team League T30"]
[Site "FICS, San Jose, California USA"]
[Date "2006.04.29"]
[Time "10:07:28"]
[Round "3"]
[White "dzonson"]
[Black "HotDonut"]
[WhiteElo "1857"]
[BlackElo "1951"]
[TimeControl "2700+45"]
[Mode "ICS"]
[Result "0-1"]

1. d4 Nf6 2. c4 e6 3. Nf3 d5 4. Nc3 Be7 5. Bf4 O-O 6. e3 c5 7. cxd5 Nxd5
8. Nxd5 Qxd5 9. dxc5 Qxc5 10. Be5 Rd8 11. Qc1 Qa5+ 12. Bc3 Bb4 13. Be2 Nc6
14. O-O Bxc3 15. bxc3 e5 16. Qc2 Be6 17. Ng5 g6 18. Nxe6 fxe6 19. Bg4 Qd5
20. Rad1 Qc4 21. Be2 Qc5 22. Qb3 Qe7 23. Bg4 Kf7 24. g3 Rxd1 25. Rxd1 Rd8
26. Rxd8 Nxd8 27. h4 b6 28. Bf3 Kg7 29. Qb5 Nf7 30. Qb4 Qd6 31. Bg4 Kf6
32. Qb3 Nh6 33. Bf3 Nf5 34. Qa4 Qe7 35. Qa6 Qc7 36. Qa3 Qe7 37. Qb4 Qxb4
38. cxb4 Nd6 39. Be2 e4 40. b5 Ke5 41. Kf1 Kd5 42. Ke1 Kc5 43. a4 Kb4 44. Bd1
Nc4 45. Bc2 Nb2 46. Bxe4 Nxa4 47. h5 gxh5 48. Bxh7 Kxb5 49. Bg6 Nc3 50. Bxh5
a5 51. Be8+ Kc5 52. g4 a4 53. Bxa4 Nxa4 54. g5 Kd6 55. g6 Ke7 56. Kd2 Kf6
57. g7 Kxg7 58. Kd3 Nc5+ 59. Kc4 Nd7 60. Kb5 Kf6 61. Kc6 Ke5 62. f3 Kf5
63. Kb5 Ne5 64. f4 Ng4 65. Kxb6 Nxe3 66. Kc5 Kxf4 67. Kd4 e5+ 68. Kd3 Kf3
69. Kd2 Nc4+ 70. Kd3 Nd6 71. Kd2 e4 72. Ke1 e3 73. Kf1 e2+ 74. Ke1 Nf7 75. Kd2
Kf2
{White resigns} 0-1

[Event "FICS Team League T30"]
[Site "FICS, San Jose, California USA"]
[Date "2006.04.27"]
[Time "16:19:33"]
[Round "3"]
[White "Nemisis"]
[Black "purplepawns"]
[WhiteElo "1962"]
[BlackElo "1771"]
[TimeControl "2700+45"]
[Mode "ICS"]
[Result "1-0"]
 
1. d4 Nf6 2. c4 e5 3. dxe5 Ng4 4. Nf3 Bc5 5. e3 Nc6 6. a3 a5 7. Qd5 Qe7
8. Nc3 Ngxe5 9. Nxe5 Nxe5 10. Ne4 d6 11. Nxc5 c6 12. Qd1 dxc5 13. Be2 O-O
14. Qc2 f5 15. O-O Be6 16. Bd2 Rfd8 17. Rac1 g5 18. b3 h5 19. f4 Ng4 20. h3
Nf6 21. Bd3 g4 22. Bc3 Bf7 23. Be5 Nd7 24. Bxf5 Nxe5 25. fxe5 Qxe5 26. Rce1
gxh3 27. Bxh3 Rd6 28. Qf2 Bg6 29. Rd1 Rxd1 30. Rxd1 Re8 31. Re1 Re7 32. Qd2
b6 33. Kh1 Kg7 34. Qd8 Qc7 35. Qxc7 Rxc7 36. e4 Re7 37. e5 Bc2 38. Re3 Kh6
39. Kh2 Kg5 40. Kg3 h4+ 41. Kf3 Bf5 42. Bxf5 Kxf5 43. e6 b5 44. a4 bxa4
45. bxa4 Rxe6 46. Rxe6 Kxe6 47. Kg4 Ke5 48. Kxh4 Kd4 49. g4 Kxc4 50. g5
Kb3 51. g6 c4 52. g7 c3 53. g8=Q+ Kb2 54. Qg7 Kb3 55. Qf7+ Kb2 56. Qf6 c5
57. Qe5 c4 58. Qb5+ Ka1 59. Qxa5 c2 60. Qc3+ Kb1 61. Qxc4
{Black resigns} 1-0

[Event "FICS Team League T30"] 
[Site "FICS, San Jose, California USA"] 
[Date "2006.04.29"] 
[Round "3"] 
[White "crazyblue"] 
[Black "trener"] 
[WhiteElo "1975"] 
[BlackElo "1889"] 
[TimeControl "2700+45"] 
[Mode "ICS"] 
[Result "1-0"] 

1. e4 g6 2. d4 Bg7 3. Nc3 d6 4. Bg5 c5 5. Bb5+ Bd7 6. Bxd7+ Nxd7 7. d5 Qa5 8. 
Ne2 Ngf6 9. O-O O-O 10. f4 b5 11. Ng3 Rfe8 12. Qf3 h6 13. Bh4 Nh7 14. Nge2 b4 
15. Nd1 Qb5 16. g4 e6 17. dxe6 fxe6 18. Qd3 Qxd3 19. cxd3 g5 20. fxg5 hxg5 
21. Bf2 Ne5 22. d4 Nf3+ 23. Kg2 Nxd4 24. Bxd4 cxd4 25. Nf2 Rac8 26. Rac1 Rf8 
27. Rxc8 Rxc8 28. Rc1 Rxc1 29. Nxc1 Nf6 30. Kf3 Nd7 31. Nfd3 Ne5+ 32. Nxe5 
Bxe5 33. h3 Kf7 34. Ke2 Bf4 35. Nb3 e5 36. Kd3 Ke6 37. Kc4 Kd7 38. Kxb4 Kc6 
39. Kc4 Bg3 40. Nc1 Bf2 41. Nd3 Be3 42. Ne1 Bc1 43. b4 a6 44. Nf3 Bf4 45. a4 
d5+ 46. exd5+ Kd6 47. h4 gxh4 48. Nxh4 d3 49. Nf5+ Kd7 50. Kxd3 
{Black resigns} 1-0

[Event "FICS Team League T30"]
[Site "FICS, San Jose, California USA"]
[Date "2006.04.28"]
[Time "17:29:49"]
[Round "3"]
[White "Mekk"]
[Black "shamrockshire"]
[WhiteElo "1717"]
[BlackElo "1959"]
[TimeControl "2700+45"]
[Mode "ICS"]
[Result "1/2-1/2"]

1. e4 e5 2. Nf3 Nc6 3. Bc4 Nf6 4. d3 Bc5 5. O-O d6 6. h3 Be6 7. Nbd2 O-O
8. c3 d5 9. Bb3 Qd6 10. Bc2 Rad8 11. b4 Bb6 12. a4 a5 13. b5 Ne7 14. Ba3
Bc5 15. Bb2 dxe4 16. Nxe4 Nxe4 17. dxe4 Qb6 18. Qe2 Ng6 19. Rfd1 Nf4 20. Qf1
f6 21. Rd2 Rxd2 22. Nxd2 Rd8 23. Rd1 Bxf2+ 24. Qxf2 c5 25. Nb3 Rxd1+ 26. Bxd1
Nd3 27. Qd2 Nxb2 28. Qxb2 Bxb3 29. Bxb3+ c4+ 30. Kf1 cxb3 31. Qxb3+ Kh8
32. Qd5 h6 33. c4 Qe3 34. Qxb7 Qc1+
{Game drawn by mutual agreement} 1/2-1/2

[Event "FICS Team League T30"]
[Site "FICS, San Jose, California USA"]
[Date "2006.04.29"]
[Time "15:22:24"]
[Round "3"]
[White "deionsandersson"]
[Black "gfsg"]
[WhiteElo "1882"]
[BlackElo "1943"]
[TimeControl "2700+45"]
[Mode "ICS"]
[Result "0-1"]

1. e4 c5 2. Nf3 Nc6 3. d4 cxd4 4. Nxd4 Nf6 5. Nc3 g6 6. Be3 Bg7 7. Bc4 O-O
8. Bb3 d6 9. f3 Bd7 10. Qd2 Nxd4 11. Bxd4 b5 12. O-O-O a5 13. Nd5 Nxd5 14. Bxg7
Kxg7 15. Bxd5 Rc8 16. h4 e6 17. h5 exd5 18. hxg6 hxg6 19. Qh6+ Kf6 20. Rh4
Qc7 21. c3 d4 22. Rxd4 b4 23. f4 Ke7 24. e5 dxe5 25. fxe5 bxc3 26. b3 Qc5
27. Qg5+ Ke8 28. b4 Qb5 29. Qf6 Qe2 30. Rxd7 Qb2+ 31. Kd1 c2+ 32. Ke2 c1=Q+
33. Kf3 Rc3+ 34. Kg4 Qxg2#
{White checkmated} 0-1

[Event "FICS Team League T30"]
[Site "FICS, San Jose, California USA"]
[Date "2006.04.29"]
[Time "12:09:31"]
[Round "3"]
[White "YouFish"]
[Black "hugozver"]
[WhiteElo "1701"]
[BlackElo "1923"]
[TimeControl "2700+45"]
[Mode "ICS"]
[Result "1-0"]

1. d4 f5 2. g4 e6 3. Qd3 d5 4. Nc3 Nf6 5. Bg5 c6 6. Bh3 h6 7. Bf4 Ne4 8. Nf3 Bd6 9. Be5 Bxe5 10. Nxe5 Qf6 11. gxf5 exf5 12. Rg1 g5 13. f3 Nxc3 14. Qxc3 Nd7 15. O-O-O Nb6 16. Rde1 Be6 17. e4 O-O 18. f4 g4 19. exf5 Bxf5 20. Bxg4 Bxg4 21. Rxg4+ Kh7 22. Reg1 Rg8 23. Qh3 Rxg4 24. Rxg4 Rg8 25. Qd3+ Kh8 26. Ng6+ Rxg6 27. Qxg6 Qxg6 28. Rxg6 Kh7 29. Re6 Nc4 30. Re7+ Kg6 31. Rxb7 {Black resigns} 1-0

[Event "FICS Team League T30"]
[Site "FICS, San Jose, California USA"]
[Date "2006.04.29"]
[Time "23:07:21"]
[Round "3"]
[White "uiknight"]
[Black "MGoo"]
[WhiteElo "2009"]
[BlackElo "1731"]
[TimeControl "2700+45"]
[Mode "ICS"]
[Result "0-1"]

1. e4 e5 2. d4 exd4 3. Qxd4 Nc6 4. Qe3 Nf6 5. Nc3 Be7 6. Bd2 d5 7. Qg3 O-O
8. exd5 Nxd5 9. O-O-O Bd6 10. f4 Nce7 11. Nxd5 Nxd5 12. c4 Nf6 13. Bd3 Re8
14. Qh4 Bd7 15. Nf3 Ne4 16. Ng5 h6 17. Rhf1 Bf5 18. g4 Nxd2 19. Rxd2 Bxd3
20. Rxd3 hxg5 21. fxg5 Bf4+ 22. Kc2 Re2+ 23. Kc3 Be5+ 24. Kb4 Qxd3
{White resigns} 0-1

[Event "FICS Team League T30"]
[Site "FICS, San Jose, California USA"]
[Date "2006.04.30"]
[Time "04:36:27"]
[Round "3"]
[White "scandium"]
[Black "dzonson"]
[WhiteElo "1710"]
[BlackElo "1846"]
[TimeControl "2700+45"]
[Mode "ICS"]
[Result "1-0"]

1. d4 Nf6 2. Bg5 e6 3. e4 Be7 4. e5 Nd5 5. Bxe7 Qxe7 6. Qd2 Na6 7. a3 d6
8. f4 f6 9. Nf3 fxe5 10. fxe5 O-O 11. Nc3 Nxc3 12. Qxc3 dxe5 13. dxe5 b6
14. Qc6 Nc5 15. Qxa8 Bb7 16. Qxf8+ Qxf8 17. O-O-O Bxf3 18. gxf3 Qxf3 19. Bb5
Qe3+ 20. Kb1 h6 21. Be8 Qxe5 22. h4 h5 23. Rhf1 Kh7 24. Rg1 Nb7 25. Rg5
Qf6 26. Rd7 Nd6 27. Bxh5 Nc4 28. Rdxg7+ Qxg7 29. Rxg7+ Kxg7 30. Be2 Ne5
31. c4 Ng6 32. h5 Nf4 33. Bg4 Kh6 34. Kc2 e5 35. Kc3 Nxh5 36. Kb4 Nf6 37. Be2
a5+ 38. Kb5 Kg7 39. c5 Kf7 40. cxb6 cxb6 41. Kxb6 Nd5+ 42. Kxa5 Nf4 43. Bc4+
Ke7 44. b4 Kd7 45. Kb6 Ne6 46. Bxe6+ Kxe6 47. Kc5 Kf5 48. Kc4 Kf4 49. Kd3
e4+ 50. Ke2 Ke5 51. b5 Kd6 52. a4 Kc5 53. Ke3
{Black resigns} 1-0

[Event "FICS Team League T30"]
[Site "FICS, San Jose, California USA"]
[Date "2006.04.30"]
[Time "12:06:05"]
[Round "3"]
[White "Vzevolodovitch"]
[Black "vibi"]
[WhiteElo "1666"]
[BlackElo "1662"]
[TimeControl "2700+45"]
[Mode "ICS"]
[Result "1-0"]

1. e4 c5 2. Nc3 Nc6 3. Nge2 d6 4. d3 g6 5. g3 Bg7 6. Bg2 e6 7. O-O Nge7
8. Be3 Nd4 9. Qd2 a6 10. Rab1 Qc7 11. f4 O-O 12. g4 f5 13. gxf5 exf5 14. Nd5
Nxd5 15. exd5 b5 16. Bxd4 cxd4 17. c3 dxc3 18. bxc3 Bd7 19. Rfc1 Qa5 20. Rc2
Rac8 21. d4 Rc7 22. Nc1 Rfc8 23. Nb3 Qb6 24. Re1 b4 25. Rec1 a5 26. c4 Qa6
27. c5 a4 28. c6 Be8 29. Na1 Qb6 30. Rc4 b3 31. axb3 axb3 32. Rb1 Qa5 33. Qxa5
{Black resigns} 1-0

[Event "FICS Team League T30"]
[Site "FICS, San Jose, California USA"]
[Date "2006.04.30"]
[Time "12:41:24"]
[Round "3"]
[White "MStav"]
[Black "DreadPirateJosh"]
[WhiteElo "1743"]
[BlackElo "1679"]
[TimeControl "2700+45"]
[Mode "ICS"]
[Result "1/2-1/2"]

1. Nf3 d5 2. e3 Bg4 3. b3 e6 4. Bb2 c5 5. Be2 Nc6 6. O-O h6 7. c4 d4 8. Nxd4
Bxe2 9. Nxe2 Nf6 10. d4 cxd4 11. Nxd4 Nxd4 12. Bxd4 Be7 13. Nd2 O-O 14. Nf3
Qc7 15. Qc2 Ng4 16. h3 Nf6 17. Rac1 b6 18. Rfd1 Rad8 19. Be5 Qb7 20. Bxf6
Bxf6 21. Rxd8 Rxd8 22. Rd1 Rxd1+ 23. Qxd1 Qc7 24. Qd3 Qd8 25. Qxd8+ Bxd8
26. Kf1 Kf8 27. Ke2 Ke7 28. Kd3 Kd6 29. Nd4 Kc5 30. a3 a5 31. Nb5 Kc6 32. b4
axb4 33. axb4 Be7 34. Nd4+ Kd6 35. e4 Kc7 36. f4 Bxb4
{Game drawn by mutual agreement} 1/2-1/2

[Event "FICS Team League T30"]
[Site "FICS, San Jose, California USA"]
[Date "2006.04.28"]
[Time "14:03:06"]
[Round "3"]
[White "spendius"]
[Black "BlkSabb"]
[WhiteElo "1729"]
[BlackElo "1665"]
[TimeControl "2700+45"]
[Mode "ICS"]
[Result "1/2-1/2"]

1. e4 d5 2. exd5 Qxd5 3. Nc3 Qd6 4. Nf3 Nf6 5. Be2 a6 6. d4 Nbd7 7. O-O
e6 8. a4 Be7 9. Bd3 c5 10. Ne4 Nxe4 11. Bxe4 Nf6 12. Qd3 Nxe4 13. Qxe4 O-O
14. Bg5 f6 15. Be3 c4 16. c3 Bd7 17. Nd2 Bc6 18. Qg4 Qd5 19. Qf3 Qxf3 20. Nxf3
Bxf3 21. gxf3 Bd6 22. Kg2 Kf7 23. Rab1 b5 24. b3 cxb3 25. Rxb3 Rab8 26. axb5
axb5 27. Rfb1 Rfc8 28. Rxb5 Rxb5 29. Rxb5 Rxc3
{Game drawn by mutual agreement} 1/2-1/2

[Event "FICS Team League T30"]
[Site "FICS, San Jose, California USA"]
[Date "2006.04.29"]
[Time "06:04:12"]
[Round "3"]
[White "phorku"]
[Black "seberg"]
[WhiteElo "1569"]
[BlackElo "1741"]
[TimeControl "2700+45"]
[Mode "ICS"]
[Result "1/2-1/2"]

1. e4 e5 2. Bc4 c6 3. d3 d5 4. exd5 cxd5 5. Bb3 Nc6 6. Nf3 Bg4 7. Nbd2 Nf6
8. O-O e4 9. Re1 Be7 10. dxe4 dxe4 11. Nxe4 Nxe4 12. Qxd8+ Rxd8 13. Rxe4
Bxf3 14. gxf3 Nd4 15. Kg2 Nxb3 16. axb3 Rd1 17. Rxa7 Rxc1 18. Ra8+ Kd7 19. Rxh8
h6 20. Re2 f5 21. Ra8 Bf6 22. c3 Kc6 23. Ra5 b5 24. Ra6+ Kc5 25. Ree6 Rc2
26. Rac6+ Kd5 27. Red6+ Ke5 28. Re6+ Kf4 29. Rb6 Rxb2 30. Rxb5 Bh4 31. Rb4+
Kg5 32. Rxh4 Kxh4 33. b4 Kg5 34. Rb6 Kf4 35. c4 Ke5 36. c5 Kd5 37. c6 Kd6
38. b5 Kc7 39. Rb7+ Kc8 40. b6 Rc2 41. Rc7+ Kb8 42. Rb7+ Kc8 43. Rc7+ Kb8
44. Rb7+ Kc8
{Game drawn by repetition} 1/2-1/2

[Event "FICS Team League T30"]
[Site "FICS, San Jose, California USA"]
[Date "2006.04.30"]
[Time "11:56:16"]
[Round "3"]
[White "bahus"]
[Black "ymy"]
[WhiteElo "1840"]
[BlackElo "1850"]
[TimeControl "2700+45"]
[Mode "ICS"]
[Result "0-1"]

1. e4 c5 2. d4 cxd4 3. c3 Nf6 4. e5 Nd5 5. cxd4 e6 6. Nf3 Nc6 7. Bc4 Nb6
8. Bb3 d5 9. O-O Be7 10. Nc3 O-O 11. a3 f6 12. exf6 Bxf6 13. Re1 Bd7 14. Qd3
Ne7 15. Ng5 Ng6 16. Nxh7 Kxh7 17. Bc2 Be8 18. Rxe6 Bf7 19. Bg5 Bxe6 20. Qxg6+
Kg8 21. Qh7+ Kf7 22. Qg6+ Ke7 23. Qxg7+ Kd6 24. Qxb7 Qd7 25. Nb5+ Ke7 26. Bxf6+
Kxf6 27. Qa6 Qc8 28. Qa5 Qxc2
{White resigns} 0-1

[Event "FICS Team League T30"]
[Site "FICS, San Jose, California USA"]
[Date "2006.04.30"]
[Time "12:31:00"]
[Round "3"]
[White "twotowers"]
[Black "GadsHill"]
[WhiteElo "1660"]
[BlackElo "1650"]
[TimeControl "2700+45"]
[Mode "ICS"]
[Result "1-0"]

1. Nf3 d5 2. g3 c6 3. Bg2 Nf6 4. O-O Bg4 5. d3 Nbd7 6. Nbd2 e6 7. b3 Bd6
8. Bb2 Qc7 9. h3 Bxf3 10. Nxf3 O-O-O 11. Qe1 h5 12. e4 dxe4 13. dxe4 e5
14. Ng5 Nb6 15. Qa5 Kb8 16. c4 Qe7 17. h4 Rhe8 18. a3 Ng4 19. Nf3 Bc7 20. Qc3
f6 21. c5 Nd7 22. Rfc1 Nf8 23. Nd2 Ne6 24. f3 Nh6 25. b4 Nd4 26. Kf2 Qd7
27. Rd1 f5 28. Nb3 fxe4 29. Nxd4 exd4 30. Rxd4 Qf5 31. Rxd8+ Rxd8 32. Re1
Ng4+ 33. Kg1 exf3 34. Qxf3 Qc2 35. Bxg7 Qd2 36. Bc3 Qd7 37. Bh3 Ne5 38. Qf1
Nf3+ 39. Qxf3 Qxh3 40. Be5 Bxe5 41. Rxe5 Rd1+ 42. Qxd1 Qxg3+ 43. Kf1 Qf4+
44. Kg2 Qxh4 45. Rxh5 Qe4+ 46. Qf3 Qc2+ 47. Kg3 Qg6+
{Black resigns} 1-0

[Event "FICS Team League T30"]
[Site "FICS, San Jose, California USA"]
[Date "2006.04.30"]
[Time "14:04:44"]
[Round "3"]
[White "Armunn"]
[Black "RFFISCHER"]
[WhiteElo "1632"]
[BlackElo "1595"]
[TimeControl "2700+45"]
[Mode "ICS"]
[Result "1/2-1/2"]

1. c4 g6 2. Nc3 Bg7 3. Nf3 c5 4. e3 Nc6 5. Be2 e6 6. O-O Nge7 7. d4 cxd4
8. exd4 d5 9. Rb1 O-O 10. Be3 Nf5 11. Qd2 Nxe3 12. Qxe3 a6 13. b4 dxc4 14. Bxc4
b5 15. d5 exd5 16. Bxd5 Qc7 17. Ng5 Be6 18. Bxe6 fxe6 19. Nxe6 Qe7 20. Nxf8
Qxe3 21. fxe3 Bxf8 22. a3 Ne5 23. a4 Nc4 24. Rf2 bxa4 25. Nxa4 Nxe3 26. Nb6
Ra7 27. Re2 Nf5 28. Nd5 Kf7 29. Rf1 Kg7 30. Ref2 a5 31. g4 axb4 32. Rb2
Bc5+ 33. Kh1 Nh6 34. h3 Rb7 35. Rf4 Ra7 36. Nxb4 Ra1+ 37. Kg2 Rg1+ 38. Kf3
Rf1+ 39. Ke4 Re1+ 40. Kd5 Be7 41. Nc6 Nf7 42. Nxe7 Rxe7 43. Rb8 g5 44. Rf5
h6 45. Rb6 Kh7 46. Rbf6 Kg7 47. Kd4 Rd7+ 48. Ke3 Re7+ 49. Kf3 Ne5+ 50. Kg3
Ng6 51. Ra6 Rf7 52. Rb5 Rf6 53. Rb7+ Rf7 54. Rbb6 Ne5 55. Rxh6 Rf3+ 56. Kg2
Rf4 57. Rh5 Nf7 58. Kg3 Rf1 59. Kg2 Rf4 60. Kg3 Rf1 61. Ra7 Kg6 62. Ra2
Rf6 63. h4 gxh4+ 64. Kxh4 Rf1 65. Ra3 Rg1 66. Rd5 Kg7 67. g5 Rh1+ 68. Kg4
Rg1+ 69. Rg3 Re1 70. Rh3 Kg6 71. Rf5 Rg1+ 72. Kf4 Rf1+ 73. Rf3 Rxf3+ 74. Kxf3
Kxf5 75. g6 Kxg6
{Neither player has mating material} 1/2-1/2

[Event "FICS Team League T30"]
[Site "FICS, San Jose, California USA"]
[Date "2006.04.29"]
[Time "03:56:46"]
[Round "3"]
[White "Eshin"]
[Black "xplan"]
[WhiteElo "1608"]
[BlackElo "1560"]
[TimeControl "2700+45"]
[Mode "ICS"]
[Result "0-1"]

1. e4 e5 2. Nf3 Nc6 3. Bb5 a6 4. Ba4 Nf6 5. Nc3 Bc5 6. O-O d6 7. h3 b5 8. Bb3
Na5 9. Bd5 Nxd5 10. Nxd5 Bb6 11. b4 Nc6 12. Nxb6 cxb6 13. c3 a5 14. Ba3
a4 15. d4 exd4 16. cxd4 O-O 17. Qd3 Ne7 18. d5 Ng6 19. Bc1 h6 20. Re1 Qf6
21. Be3 Bxh3 22. gxh3 Qxf3 23. Qxb5 Nh4 24. Kf1 Rfe8 25. Qxb6 Rxe4 26. Qb7
Rae8 27. Qa7 Ng2 28. Kg1 Nxe1 29. Rxe1 Qxh3
{White resigns} 0-1

[Event "FICS Team League T30"]
[Site "FICS, San Jose, California USA"]
[Date "2006.04.30"]
[Time "17:01:59"]
[Round "3"]
[White "OldFlyer"]
[Black "MFalme"]
[WhiteElo "1531"]
[BlackElo "1496"]
[TimeControl "2700+45"]
[Mode "ICS"]
[Result "0-1"]

1. c4 f5 2. Nc3 Nf6 3. d3 e5 4. Bg5 Be7 5. Bxf6 Bxf6 6. Nf3 O-O 7. Nd5 c6
8. Nxf6+ Qxf6 9. e4 fxe4 10. dxe4 d6 11. h3 Qf4 12. Qd3 Nd7 13. b4 a5 14. Qxd6
Qxe4+ 15. Be2 axb4 16. Qxb4 Qf5 17. O-O c5 18. Qb1 e4 19. Nd2 Re8 20. Bg4
Qf4 21. Qc2 g6 22. Rae1 Nf6 23. Bxc8 Raxc8 24. Nb1 Rc6 25. Nc3 b6 26. Ne2
Qg5 27. f4 exf3 28. Rxf3 Rce6 29. Rg3 Qh4 30. Rf3 Qxe1+ 31. Kh2 Rxe2 32. Qb3
R8e6 33. Qa4 Qd2 34. Rg3 Qf4 35. Qa8+ Re8 36. Qf3 Qxf3 37. Rxf3 Nh5 38. Rd3
Rxa2 39. h4 Ree2 40. Rd8+ Kf7 41. Rd7+ Re7 42. Rd3 Rc2 43. Rf3+ Ke8 44. Kh3
Rxc4 45. g3 Ree4 46. Kg2 Ng7 47. Rd3 Nf5 48. Ra3 Ra4 49. Rd3 Nd4 50. Kh3
c4 51. Rd1 b5 52. Rf1 b4
{White resigns} 0-1

[Event "FICS Team League T30"]
[Site "FICS, San Jose, California USA"]
[Date "2006.04.28"]
[Time "15:02:48"]
[Round "3"]
[White "dianabutterfly"]
[Black "wekabird"]
[WhiteElo "1446"]
[BlackElo "1388"]
[TimeControl "2700+45"]
[Mode "ICS"]
[Result "1-0"]

1. e4 c6 2. Nf3 d5 3. e5 Bg4 4. c3 e6 5. d4 Ne7 6. Bd3 Bf5 7. Bg5 h6 8. Bh4
g5 9. Bg3 Bxd3 10. Qxd3 Nf5 11. h3 Nxg3 12. fxg3 Qb6 13. Qc2 Nd7 14. Nbd2
O-O-O 15. Rb1 Kb8 16. b4 Rc8 17. a4 f5 18. exf6 Nxf6 19. Ne5 Qc7 20. O-O
Bg7 21. Qg6 Rcf8 22. Qc2 Ne4 23. Nxe4 dxe4 24. Qxe4 a6 25. a5 Ka8 26. Rf3
Rxf3 27. gxf3 Rf8 28. Kg2 Rf5 29. Nc4 Qf7 30. Nd6 Qd7 31. Nxf5 exf5 32. Qe3
g4 33. Re1 gxf3+ 34. Kxf3 Qd5+ 35. Kf2 Bf6 36. Qxh6 Qa2+ 37. Kf1 Qc4+ 38. Kf2
Qa2+ 39. Kg1 Qd2 40. Qxd2
{Black resigns} 1-0

[Event "FICS Team League T30"]
[Site "FICS, San Jose, California USA"]
[Date "2006.04.28"]
[Time "12:55:04"]
[Round "3"]
[White "TryAnything"]
[Black "MStav"]
[WhiteElo "1667"]
[BlackElo "1763"]
[TimeControl "2700+45"]
[Mode "ICS"]
[Result "1-0"]

1. d4 Nf6 2. Nf3 e6 3. c4 b6 4. g3 Bb7 5. Bg2 Be7 6. O-O O-O 7. Nc3 Ne4
8. Nxe4 Bxe4 9. Re1 d6 10. Qd2 Nd7 11. Qe3 Nf6 12. Nd2 Bxg2 13. Kxg2 Re8
14. b3 d5 15. Nf3 c5 16. Bb2 Rc8 17. Rac1 Ne4 18. h4 Bf6 19. Red1 cxd4 20. Bxd4
Qe7 21. Bxf6 Nxf6 22. cxd5 Nxd5 23. Qe4 h6 24. Rxc8 Rxc8 25. Rxd5 Qb7 26. Rd8+
{Black resigns} 1-0